 Dungeon Crawl Stone Soup version 0.29.0-4-gdea44cf6ec (webtiles) character file.

Game seed: 13472329260806552694

1 SnakkuSnakku7 the Grasshopper (level 1, 0/12 HPs)
             Began as a Tengu Warper on Aug 27, 2022.
             Slain by a jackal (2 damage)
             ... on level 1 of the Dungeon.
             The game lasted 00:00:13 (194 turns).

SnakkuSnakku7 the Grasshopper (Tengu Warper)         Turns: 194, Time: 00:00:14

Health: 0/12       AC:  3    Str: 11    XL:     1   Next: 20%
Magic:  4/4        EV: 11    Int: 13    God:
Gold:   0          SH:  0    Dex: 13    Spells: 4/4 levels left

rFire   . . .      SeeInvis .   a - +0 falchion
rCold   . . .      Faith    .   (no shield)
rNeg    . . .      Spirit   .   b - +0 leather armour
rPois   .          Reflect  .   (helmet restricted)
rElec   .          Harm     .   (no cloak)
rCorr   .          Rampage  .   (no gloves)
Will    .....                   (boots unavailable)
Stlth   +.........              (no amulet)
HPRegen 0.04/turn               (no ring)
MPRegen 0.09/turn               (no ring)

@: no status effects
A: beak, talons 3
a: no special abilities


You were on level 1 of the Dungeon.
You visited 1 branch of the dungeon, and saw 1 of its levels.

Inventory:

Hand Weapons
 a - a +0 falchion (weapon)
Missiles
 d - 7 boomerangs of dispersal (quivered)
Armour
 b - a +0 leather armour (worn)
Scrolls
 c - a scroll of blinking


   Skills:
 - Level 2.0 Fighting
 + Level 2.3 Long Blades
 - Level 1.0 Throwing
 - Level 1.1 Armour
 - Level 2.1 Dodging
 - Level 2.0 Spellcasting
 - Level 2.4 Translocations


You had 4 spell levels left.
You didn't know any spells.
Your spell library contained the following spells:

 Spells                   Type           Power      Damage    Failure   Level
 Blink                    Tloc           14%        N/A       19%         2
 Gell's Gravitas          Tloc           7%         N/A       36%         3
 Lesser Beckoning         Tloc           7%         N/A       36%         3
 Teleport Other           Tloc           7%         N/A       36%         3
 Manifold Assault         Tloc           7%         N/A       98%         5


Dungeon Overview and Level Annotations

Branches:
Dungeon (1/15)

Altars:


Innate Abilities, Weirdness & Mutations

You have a beak for a mouth.
You have claws for feet.


Message History

Found a stone staircase leading down.
There is an open door here.
An endoplasm comes into view.
The endoplasm freezes you.
You are frozen.
You barely miss the endoplasm. You claw the endoplasm.
The endoplasm is severely wounded.
The endoplasm freezes you.
You are frozen.
You hit the endoplasm. You claw the endoplasm.
You kill the endoplasm!
An endoplasm comes into view.
An endoplasm is nearby!
You start resting.
HP restored.
A jackal comes into view.
Found a robe.
The jackal barks!
A jackal comes into view.
The jackal barks!
The endoplasm quivers.
You closely miss the jackal. The jackal bites you.
The jackal barely misses you. The jackal closely misses you.
You hit the jackal but do no damage. The jackal misses you.
The jackal bites you.
You are too injured to fight recklessly!
You are too injured to fight recklessly!
You are too injured to fight recklessly!
You are too injured to fight recklessly!
You hit the jackal. Your kick misses the jackal. Your peck misses the jackal.
The jackal is almost dead.
The jackal misses you. The jackal bites you.
The jackal bites you but does no damage. x2
You closely miss the jackal. Your kick misses the jackal.
Your peck misses the jackal.
The jackal is almost dead.
The jackal bites you.
* * * LOW HITPOINT WARNING * * *
The jackal barely misses you. The jackal bites you.
You die...

#........#..#........
##......................
.........####............#.
.........#####..............
............##..#.##........
...............>............
............................
.........##....h............
..............#h@...........
..............#.............
..............+++'++.######
...#.........+....+....#
..#.........+....+.##.#
#.........+..<.+.##.#
##........+....+..#.#
#........++++++#.#.#
#..............#.#.#


You could see 2 jackals.

Vanquished Creatures
  An endoplasm (D:1)
1 creature vanquished.

Notes
Turn   | Place    | Note
-------+----------+-------------------------------------------
     0 | D:1      | SnakkuSnakku7 the Tengu Warper began the quest for the Orb.
     0 | D:1      | Reached XP level 1. HP: 12/12 MP: 4/4
   194 | D:1      | Slain by a jackal

Illustrated notes

Levels and vault maps discovered:
D:1:      lightli_arrival_maybe_door_vault, layout_basic

Action                   || total
-------------------------++-------
Melee: Falchion          ||     6
       Kick              ||     2
Armor: Leather armour    ||     2
Dodge: Dodged            ||     5
